 Dungeon Crawl Stone Soup version 0.22-a0-231-g1b571ea (webtiles) character file.

0 Amnesiac the Charlatan (level 1, -1/9 HPs)
             Began as a Spriggan Artificer on Feb 20, 2018.
             Slain by an ooze (2 damage)
             ... on level 4 of the Dungeon.
             The game lasted 00:00:47 (167 turns).

Amnesiac the Charlatan (Spriggan Artificer)          Turns: 167, Time: 00:00:47

Health: -1/9       AC:  2    Str:  8    XL:     1   Next: 8%
Magic:  4/4        EV: 18    Int: 12    God:
Gold:   24         SH:  0    Dex: 16    Spells: 0/0 levels left

rFire    . . .     SeeInvis +   a - +0 short sword
rCold    . . .     Gourm    .   (shield restricted)
rNeg     . . .     Faith    .   b - +0 robe
rPois    .         Spirit   .   (helmet restricted)
rElec    .         Reflect  .   (no cloak)
rCorr    .         Harm     .   (gloves unavailable)
MR       .....                  (boots unavailable)
Stlth    ++........             (no amulet)
HPRegen  0.03/turn              (no ring)
MPRegen  0.09/turn              (no ring)

@: very quick
A: very small, unfitting armour, see invisible, herbivore, speed 3, slow
metabolism 2
a: no special abilities


You were on level 4 of the Dungeon.
You were not hungry.

You visited 1 branch of the dungeon, and saw 4 of its levels.

You collected 24 gold pieces.

Inventory:

Hand Weapons
 a - a +0 short sword (weapon)
Missiles
 j - 2 throwing nets (quivered)
Armour
 b - a +0 robe (worn)
Wands
 c - a wand of flame (14)
 d - a wand of enslavement (15)
 e - a wand of random effects (15)
Scrolls
 g - a scroll of immolation {!r, unknown}
 i - a scroll of identify {!r, unknown}
Potions
 h - 2 potions of lignification {!q, unknown}
Comestibles
 f - a ration


   Skills:
 + Level 0.7 Fighting
 - Level 1.1 Short Blades
 + Level 3.0 Dodging
 - Level 1.5 Stealth
 * Level 4.0 Evocations


You couldn't memorise any spells.
You didn't know any spells.

Dungeon Overview and Level Annotations

Branches:
Dungeon (4/15)
 Temple: D:4-7

Altars:

Annotations:
D:3 Amnesiac's ghost, weakling SpAr


Innate Abilities, Weirdness & Mutations

You are very small and have problems with some larger weapons.
You are too small for most types of armour.
You have supernaturally acute eyesight. (SInv)
You are a herbivore.
You cover ground extremely quickly.
You need consume almost no food.


Message History

You now have 24 gold pieces (gained 9).
You see here a robe.
Found an escape hatch in the floor.
Found a leather armour.
There is an escape hatch in the floor here.
You slide downwards.
The hatch slams shut behind you.
A hobgoblin comes into view. It is wielding a club.
Found a scroll labeled UMEDOI RUNUL.
The hobgoblin shouts!
A rat comes into view.
You see here a scroll labeled UMEDOI RUNUL {!r}.
i - a scroll labeled UMEDOI RUNUL {!r}
Found a stone staircase leading down.
A hobgoblin comes into view.
The hobgoblin shouts!
There is a stone staircase leading down here.
You climb downwards.
There is a stone staircase leading up here.
You start resting.
Amnesiac's ghost (weakling Spriggan Artificer) comes into view.
A goblin comes into view.
The goblin shouts!
An adder comes into view.
Amnesiac's ghost turns its malevolent gaze towards you.
Found a stone staircase leading down.
A dart slug comes into view.
Found 2 throwing nets.
You see here 2 throwing nets.
j - 2 throwing nets
Found 9 gold pieces.
An ooze comes into view.
Found 10 gold pieces.
The ooze quivers.
There is a stone staircase leading down here.
The ooze misses you.
You climb downwards.
Found a stone staircase leading up.
There is a stone staircase leading up here.
Evoke which item? (* to show all) (? for menu, Esc to quit)
Aiming: Throw Flame
Press: ? - help, Shift-Dir - straight line, f - ooze
Aim: an ooze The puff of flame hits the ooze.
The ooze is almost dead.
You barely miss the ooze.
The ooze is almost dead.
The ooze hits you but does no damage.
You hit the ooze but do no damage.
The ooze is almost dead.
The ooze barely misses you.
You hit the ooze.
The ooze is almost dead.
The ooze completely misses you.
You hit the ooze but do no damage.
The ooze is almost dead.
The ooze barely misses you.
You hit the ooze but do no damage.
The ooze is almost dead.
The ooze hits you.
* * * LOW HITPOINT WARNING * * *
You hit the ooze but do no damage.
The ooze is almost dead.
The ooze hits you.
You die...

#....#.. #.
#.......#.#
#......#..
........
#..... #....
#.#.###.#.#
#..J@.....#
#.........#
#...<.........
#########.#.##
.# # #


You could see an ooze.

Vanquished Creatures
  A bat (D:1)
1 creature vanquished.

Notes
Turn   | Place    | Note
-------+----------+-------------------------------------------
     0 | D:1      | Amnesiac the Spriggan Artificer began the quest for the Orb.
     0 | D:1      | Reached XP level 1. HP: 9/9 MP: 4/4
   127 | D:3      | Noticed Amnesiac's ghost (weakling SpAr)
   167 | D:4      | Slain by an ooze

Vault maps used:
D:1:      dpeg_arrival_rooms_c
D:2:      overflow_temple_1_default, gammafunk_temple_overflow_forgotten,
          minmay_box_of_dots
D:3:      kennysheep_generic_room_9
D:4:      minmay_wonky_spiral, serial_shops, shop, nicolae_shop_trees, shop,
          shop, minmay_splitting_lines, uniq_pikel

Action                   || total
-------------------------++-------
Melee: Short sword       ||     8
Evoke: Wand              ||     1
Armor: Robe              ||     7
Dodge: Dodged            ||    32

Table legend:
 A = Spawn XP
 B = Non-spawn XP
 C = Spawn XP percentage of total XP
 D = Spawn monster count
 E = Non-spawn monster count
 F = Spawn count percentage of total count
 G = Total turns spent on level
                    A         B        C        D         E        F      G
               +---------+---------+-------+---------+---------+-------+---------
         Total |       0 |       1 |   0.0 |       0 |       1 |   0.0 |   167
               +---------+---------+-------+---------+---------+-------+---------
           D:1 |       0 |       1 |   0.0 |       0 |       1 |   0.0 |    94
               +---------+---------+-------+---------+---------+-------+---------
